 Dungeon Crawl Stone Soup version 0.32-a0-42-ga30500b4d3 (webtiles) character file.

Game seed: 12031785674457245442

51 CougarLife the Caller (level 3, -4/24 HPs)
             Began as a Merfolk Summoner on Jan 26, 2024.
             Slain by Terence
             ... wielding a +2 falchion of flaming
              (7 damage)
             ... on level 2 of the Dungeon.
             The game lasted 00:06:05 (1939 turns).

CougarLife the Caller (Merfolk Summoner)            Turns: 1939, Time: 00:06:06

Health: -4/24      AC:  2    Str:  8    XL:     3   Next: 83%
Magic:  3/7        EV: 12    Int: 16    God:
Gold:   43         SH:  4    Dex: 14    Spells: 4/7 levels left

rFire   . . .        m - +0 short sword
rCold   . . .        j - +0 buckler
rNeg    . . .        a - +0 robe
rPois   .            (no helmet)
rElec   .            (no cloak)
rCorr   .            (no gloves)
SInv    .            (no boots)
Will    .....        (no amulet)
Stlth   ++           (no ring)
HPRegen 0.24/turn    (no ring)
MPRegen 0.10/turn

%: no passive effects
@: no status effects
A: (nimble swimmer 2), mertail
a: no special abilities


You were on level 2 of the Dungeon.
You visited 1 branch of the dungeon, and saw 2 of its levels.

You collected 43 gold pieces.

Inventory:

Hand Weapons
 m - a +0 short sword (weapon)
Armour
 a - a +0 robe (worn)
 j - a +0 buckler (worn)
Scrolls
 e - 2 scrolls of amnesia {unknown}
 f - a scroll of enchant armour {unknown}
 g - 3 scrolls of teleportation {unknown}
 l - a scroll of fog {unknown}
 o - a scroll of identify {unknown}
 p - a scroll of revelation {unknown}
Potions
 b - 2 potions of magic
 c - 2 potions of enlightenment {unknown}
 d - a potion of curing {unknown}
 h - a potion of berserk rage {unknown}
 i - 2 potions of haste {unknown}
 k - a potion of heal wounds {unknown}
 n - a potion of degeneration {unknown}


   Skills:
 - Level 2.6 Dodging
 - Level 2.1 Stealth
 + Level 2.7 Spellcasting
 * Level 4.9 Summonings


You had 4 spell levels left.
You knew the following spells:

 Your Spells              Type           Power      Damage    Failure   Level
a - Summon Small Mammal   Summ           72%        N/A       4%          1
b - Call Imp              Summ           36%        N/A       6%          2

Your spell library contained the following spells:

 Spells                   Type           Power      Damage    Failure   Level
 Call Canine Familiar     Summ           18%        N/A       12%         3
 Summon Blazeheart Golem  Fire/Summ      10%        N/A       75%         4
 Summon Lightning Spire   Summ/Air       10%        N/A       75%         4


Dungeon Overview and Level Annotations

Branches:
Dungeon (2/15)

Altars:

Annotations:
D:2 Terence


Innate Abilities, Weirdness & Mutations

((You are very nimble when in or above water. (Stealth+, EV+, Speed+++)))
Your lower body shifts to a powerful aquatic tail in water.


Message History

Terence completely misses you.
Your cerulean imp hits Terence but does no damage.
Terence shouts, "Get ready for death!"
Terence closely misses you.
Your cerulean imp closely misses Terence.
What are your orders? t - Shout!
Orders for allies: a - Attack new target. p - Attack previous target. r - Retreat! s - Stop attacking. g - Guard the area. f - Follow me.
Anything else - Cancel.
Gang up on whom?
Press: ? - help, Dir - move target, f/p - Terence
Aim: Terence, wielding a +2 falchion of flaming and wearing a +0 scale mail (lightly wounded, ally target) Attack!
Terence hits you with a +2 falchion of flaming!
Terence burns you.
* * * LOW HITPOINT WARNING * * *
Your cerulean imp hits Terence but does no damage.
Terence asks, "Do you want it fast or slow?"
Your cerulean imp hits Terence but does no damage.
Your cerulean imp closely misses Terence.
Terence attacks as he pursues you!
Terence hits you with a +2 falchion of flaming.
* * * LOW HITPOINT WARNING * * *
Terence burns you.
* * * LOW HITPOINT WARNING * * *
There is an open door here.
Okay, then.
Okay, then.
Casting: Call Imp (safe; 6% risk of failure)
Confirm with . or Enter, or press ? or * to list all spells.
A tiny devil pulls itself out of the air.
Your cerulean imp disappears in a puff of smoke!
Terence misses you.
Your cerulean imp hits Terence but does no damage.
Terence attacks as he pursues you!
Terence hits you with a +2 falchion of flaming!
You die...
Terence says, "Rest in peace."

........########.....#......#
#. ........# #.....#......#
#. ........### #.....#......#
#. ..........# #.....########
#. ..........# #.##### #.
..........# #.# #.
..........######'##########
#.
.....)..........@.........#
#.
........#..##...@5........#
#.
........##................#
#.
........#####.............#
#. ##'###### #.............#
#. ##.
###############..###### #. ..
#.............##..# #.
#####.............###.## #.
..................###..### #.
.........................#
####.


You could see Terence (ally target) and a friendly cerulean imp (summoned).

Vanquished Creatures
  An endoplasm (D:2)
  A giant cockroach (D:2)
  3 goblins (D:2)
  A hobgoblin (D:1)
  A quokka (D:1)
  2 bats
  3 kobolds (D:2)
  A rat (D:2)
13 creatures vanquished.

Vanquished Creatures (collateral kills)
  An adder (D:2)
  A dart slug (D:1)
  A bat (D:1)
  An endoplasm (D:1)
  3 giant cockroaches
  A goblin (D:1)
  2 hobgoblins
  3 quokkas (D:1)
  4 ball pythons
  2 frilled lizards (D:1)
  2 kobolds (D:1)
  4 rats
25 creatures vanquished.

Grand Total: 38 creatures vanquished

Notes
Turn   | Place    | Note
-------+----------+-------------------------------------------
     0 | D:1      | CougarLife the Merfolk Summoner began the quest for the
                  | Orb.
     0 | D:1      | Reached XP level 1. HP: 13/13 MP: 3/3
   176 | D:1      | Reached XP level 2. HP: 3/19 MP: 1/5
  1040 | D:1      | Reached XP level 3. HP: 24/24 MP: 4/6
  1594 | D:2      | Noticed Terence
  1891 | D:2      | Learned a level 2 spell: Call Imp
  1939 | D:2      | Slain by Terence

Illustrated notes

Levels and vault maps discovered:
D:1:      dpeg_arrival_radiant, layout_loops_cross
D:2:      layout_basic, minmay_misc_feat_chi, uniq_terence

Action                     || total
---------------------------++-------
  Melee: Unarmed           ||    19
         Short sword       ||    29
   Cast: Summon Small Mamm ||    64
         Call Imp          ||     3
   Stab: Distracted        ||     2
         Sleeping          ||     1
 Armour: Robe              ||    49
  Dodge: Dodged            ||    34
  Block: Buckler           ||     8

Table legend: (Time is in decaauts)
 A = Elapsed time spent in this place.
 B = Non-inter-level travel time spent in this place.
 C = Inter-level travel time spent in this place.
 D = Time resting spent in this place.
 E = Time spent auto-exploring this place.
 F = Levels seen in this place.
 G = Mean time per level.
                   A        B        C        D        E       F      G
               +--------+--------+--------+--------+--------+-----+--------+
         Total |   1940 |   1888 |     52 |    126 |   1248 |   2 |  970.0 |
       Dungeon |   1940 |   1888 |     52 |    126 |   1248 |   2 |  970.0 |
               +--------+--------+--------+--------+--------+-----+--------+

Top non-repeatable levels by time:
     D:1: 1261 daAuts
     D:2: 679 daAuts
